Map: Galactic Process LE

Players

Gracz - Winner!

  • Race: Zerg Zerg
  • League: Silver

trickymouse

  • Race: Terran Terran
  • League: Silver

VOD

Have the link to the VOD?

Description

Time

  • Played on: Oct. 8, 2016, 6:42 a.m.
  • Length: 7:29
Show
View Real Time Build Order
Export as new Build Order

Gracz Zerg - Winner!

Build Orders: Pool First 

Get SALT Encoding   

  12  0:01  Drone  
  13  0:13  Drone  
  14  0:17  Extractor, Drone  
  15  0:24  Overlord  
  15  0:31  Extractor  
  14  0:44  Spawning Pool  
  14  0:45  Drone  
  14  0:49  Drone  
  15  0:58  Drone  
  15  0:59  Drone  
  17  1:26  Hatchery  
  16  1:33  Zergling x4  
  16  1:35  Zergling x2  
  19  1:43  Metabolic Boost  
  19  1:47  Drone  
  20  1:55  Zergling x2  
  21  2:09  Roach Warren  
  20  2:19  Queen  
  20  2:21  Overlord  
  22  2:38  Drone x2  
  22  2:39  Drone x2  
  26  2:52  Roach x2  
  30  3:14  Roach x2  
  30  3:19  Drone  
  36  3:20  Drone  
  36  3:31  Extractor  
  35  4:00  Drone  
  33  4:31  Ravager x4  
  33  4:34  Lair  
  33  5:23  Roach  
  33  5:24  Overlord x4  
  33  5:25  Overlord x2  
  35  5:42  Queen  
  37  5:51  Ravager  
  38  5:57  Evolution Chamber  
  38  6:01  Evolution Chamber  
  36  6:09  Hydralisk Den  
  35  6:11  Roach  
  35  6:12  Roach x7  
  43  6:40  Ravager x3  
  43  6:45  Drone x6  
  51  7:03  Drone x3  
  51  7:04  Drone x3  
  59  7:22  Hatchery  
Show
View Real Time Build Order
Export as new Build Order

trickymouse Terran 

Build Orders:  

Get SALT Encoding   

  12  0:01  SCV  
  13  0:13  SCV  
  14  0:20  Supply Depot  
  14  0:25  SCV  
  15  0:42  SCV  
  16  0:44  Barracks  
  16  0:56  Refinery, SCV  
  17  1:08  SCV  
  18  1:25  SCV  
  19  1:39  Reaper  
  20  1:40  Orbital Command  
  20  1:48  Supply Depot  
  19  2:20  SCV  
  20  2:23  Marine  
  21  2:32  SCV  
  22  2:40  Marine  
  23  2:45  Factory  
  23  2:46  Refinery, SCV  
  24  2:58  Marine, SCV  
  25  3:10  SCV  
  26  3:19  Barracks Reactor  
  26  3:24  Bunker  
  26  3:49  Factory Reactor  
  28  3:55  Hellion  
  28  4:04  Marine x2  
  29  4:38  Hellion, Supply Depot  
  31  4:58  Marine x2  
  30  5:00  Hellion  
  30  5:15  Marine x2  
  30  5:21  Hellion  
  32  5:33  Marine x2  
  32  5:34  Starport  
  36  5:43  Hellion  
  36  5:51  Marine x2  
  38  6:00  Barracks  
  38  6:01  SCV  
  38  6:02  Barracks  
  38  6:03  Barracks  
  39  6:11  Factory Reactor, Starport  
  39  6:17  Supply Depot  
  39  6:21  Command Center  
  39  6:22  Supply Depot  
  39  6:29  Marine  
  39  6:31  Marine  
  39  6:33  SCV  
  38  6:40  Starport Tech Lab  
  38  6:47  Marine  
  38  6:49  Marine  
  38  6:51  Barracks Reactor x2  
  38  6:52  Barracks Tech Lab  
  40  7:05  Marine  
  40  7:06  Hellion  
  40  7:07  Hellion, Marine  
  50  7:13  Supply Depot x2  
Tags
 
Add a new tag
Caveats
  • Supply blocks, unpowered buildings, or Contaminate may cause inaccurate times.
  • Supply counts are checked every 10 seconds.